 Dungeon Crawl Stone Soup version 0.20.1-1-g8b1a95d (webtiles) character file.

28 Berahthraban the Conjurer (level 3, -1/24 HPs)
             Began as a Human Conjurer on Aug 16, 2017.
             Slain by an adder (2 damage)
             ... on level 2 of the Dungeon.
             The game lasted 00:05:52 (1365 turns).

Berahthraban the Conjurer (Human Conjurer)          Turns: 1365, Time: 00:05:53

Health: -1/24      AC:  2    Str:  8    XL:     3   Next: 30%
Magic:  8/15       EV: 13    Int: 21    God:
Gold:   34         SH:  0    Dex: 13    Spells: 3/6 levels left

rFire    . . .     SeeInvis .   e - +0 dagger
rCold    . . .     Gourm    .   (no shield)
rNeg     . . .     Faith    .   a - +0 robe
rPois    .         Spirit   .   (helmet restricted)
rElec    .         Reflect  .   (no cloak)
rCorr    .         Harm     .   (no gloves)
MR       .....     Rnd*Rage +   (no boots)
Stlth    ++........             (no amulet)
Regen    0.1/turn               m - ring of magical power
MPRegen  0.2/turn               (no ring)

@: brilliant, lethally poisoned (-1 -> -13)
A: horns 1, berserk 1
a: no special abilities


You were on level 2 of the Dungeon.
You were not hungry.

You visited 1 branch of the dungeon, and saw 2 of its levels.

You collected 34 gold pieces.

Inventory:

Hand Weapons
 e - a +0 dagger (weapon)
Armour
 a - a +0 robe (worn)
Jewellery
 m - a ring of magical power (left hand)
Scrolls
 f - a scroll of fear {unknown}
 h - 6 scrolls of identify {unknown}
 i - a scroll of fog {unknown}
 k - a scroll of recharging {unknown}
 l - 2 scrolls of teleportation {unknown}
 n - a scroll of enchant weapon {unknown}
Books
 b - a book of Conjurations

   Spells                             Type                      Level
   a - Magic Dart                     Conjuration                  1
   b - Searing Ray                    Conjuration                  2
   c - Dazzling Spray                 Conjuration/Hexes            3
   d - Fulminant Prism                Conjuration/Hexes            4
   e - Force Lance                    Conjuration/Translocation    4
   f - Iskenderun's Mystic Blast      Conjuration                  4
Comestibles
 c - a bread ration
 d - a royal jelly
 g - 4 fruits
 o - 3 chunks of flesh


   Skills:
 * Level 0.2 Fighting
 * Level 2.6 Dodging
 + Level 2.4 Stealth
 + Level 2.4 Spellcasting
 + Level 4.0 Conjurations


You had 3 spell levels left.
You knew the following spells:

 Your Spells              Type           Power        Failure   Level  Hunger
a - Magic Dart            Conj           ####         1%          1    None
b - Searing Ray           Conj           ####..       1%          2    ##.....


Dungeon Overview and Level Annotations

Branches:
Dungeon (2/15)

Altars:

Annotations:
D:1 cleared
D:2 Robin


Innate Abilities, Weirdness & Mutations

You have a pair of small horns on your head.
You tend to lose your temper in combat.


Message History

* * * LOW HITPOINT WARNING * * *
The adder closely misses you.
Casting: Searing Ray
Confirm with . or Enter, or press ? or * to list all spells.
Aiming: Searing Ray
Press: ? - help, Shift-Dir - straight line, f - adder
Aim: an adder (lightly wounded)
The searing ray misses the adder.
The searing ray hits the goblin.
You kill the goblin! (Press . to maintain the ray.)
* * * LOW HITPOINT WARNING * * *
You feel sick. The adder bites you.
* * * LOW HITPOINT WARNING * * *
You are more poisoned.
The adder poisons you!
The searing ray hits the adder.
The adder is heavily wounded.
* * * LOW HITPOINT WARNING * * *
You feel sick. The adder bites you.
You die...

.#####.# ## # .# .#.# #.# .#.#
#.# ...# #.# ###.K.# #.#
#.....#
#.##################.....#
######..........@Sgg).........#
..............###########g....#
.#####........###########.....#
.# ##....<.......g.g.g.%....##
g####.#.......#############.##
.....###...<..# .#
.####.#..###### .# .####....# #
.........#


You could see an adder and 2 goblins.

Vanquished Creatures
  A dart slug (D:2)
  A leopard gecko (D:1)
  2 bats (D:1)
  5 giant cockroaches
  5 goblins
  A hobgoblin (D:1)
  4 jackals (D:1)
  A frilled lizard (D:1)
  A kobold (D:2)
  A rat (D:1)
22 creatures vanquished.

Notes
Turn   | Place    | Note
-------+----------+-------------------------------------------
     0 | D:1      | Berahthraban the Human Conjurer began the quest for the Orb.
     0 | D:1      | Reached XP level 1. HP: 13/13 MP: 3/3
   439 | D:1      | Reached XP level 2. HP: 19/19 MP: 3/5
   445 | D:1      | Learned a level 2 spell: Searing Ray
   672 | D:1      | Reached XP level 3. HP: 3/24 MP: 0/6
  1300 | D:2      | Noticed Robin
  1362 | D:2      | Gained mutation: You tend to lose your temper in combat. [potion of mutation]
  1362 | D:2      | Gained mutation: You have a pair of small horns on your head. [potion of mutation]
  1365 | D:2      | HP: 1/24 [poisoned by an adder]
  1365 | D:2      | Slain by an adder

Action                   || total
-------------------------++-------
Melee: Dagger            ||    49
 Cast: Magic Dart        ||    17
       Searing Ray       ||     6
  Use: Potion            ||     2
 Stab: Sleeping          ||     1
  Eat: Chunk             ||     2
Armor: Robe              ||    11
Dodge: Dodged            ||    49
